 Dungeon Crawl Stone Soup version 0.16.2-12-gd0ad4c3 (webtiles) character file.

105 Seneschal the Skirmisher (level 4, -3/29 HPs)
             Began as a Gargoyle Fighter on Sept 22, 2015.
             Slain by Sigmund
             ... wielding a +0 scythe
              (8 damage)
             ... on level 4 of the Dungeon.
             The game lasted 00:06:26 (2243 turns).

Seneschal the Skirmisher (Gargoyle Fighter)         Turns: 2243, Time: 00:06:27

Health: -3/29      AC: 10    Str: 21    XL:     4   Next: 81%
Magic:  4/4        EV:  8    Int:  8    God:
Gold:   76         SH:  0    Dex:  9    Spells: 0 memorised, 3 levels left

rFire  x . .     SeeInvis .     p - +0 flail
rCold  + . .     Clarity  .     b - +0 scale mail
rNeg   + . .     SustAb   .     c - +0 shield
rPois  ∞         Gourm    .     (no helmet)
rElec  +         Spirit   .     (no cloak)
rCorr  .         Warding  .     (no gloves)
rMut   .         Stasis   +     (no boots)
MR     .....                    o - amulet of stasis
Stlth  ..........               (no ring)
                                i - ring of ice

@: confused, not resistant to hostile enchantments, extremely unstealthy
A: negative energy resistance 1, electricity resistance, unbreathing,
petrification resistance, rot immunity, AC +3
a: no special abilities


You were on level 4 of the Dungeon.
You were hungry.

You visited 1 branch of the dungeon, and saw 4 of its levels.

You collected 76 gold pieces.

Inventory:

Hand weapons
 a - a +0 flail
 p - a +0 flail (weapon)
Armour
 b - a +0 scale mail (worn)
 c - a +0 shield (worn)
 m - a +0 ring mail
 q - a -2 ring mail
Jewellery
 i - a ring of ice (left hand)
 o - an amulet of stasis (around neck)
Magical devices
 u - a wand of digging (14)
Scrolls
 f - a scroll of recharging
 g - 3 scrolls of identify
 j - 3 scrolls of remove curse
 k - a scroll of amnesia {unknown}
 l - 2 scrolls of teleportation {unknown}
 n - 3 scrolls of noise {unknown}
 t - a scroll of fog {unknown}
 w - a scroll of random uselessness {unknown}
Potions
 e - 2 potions of might
 h - a potion of invisibility {unknown}
 r - a potion of restore abilities {unknown}
Books
 v - a book of the Tempests

   Spells                             Type                      Level
   a - Static Discharge               Conjuration/Air              3
   b - Lightning Bolt                 Conjuration/Air              5
   c - Fireball                       Conjuration/Fire             5
   d - Tornado                        Air                          9
   e - Shatter                        Earth                        9
Comestibles
 d - 3 bread rations
 s - a beef jerky


   Skills:
 + Level 3.8 Fighting
 * Level 3.0 Maces & Flails
 + Level 3.6 Armour
 * Level 1.7 Dodging
 + Level 0.2 Stealth
 + Level 3.7 Shields


You had 3 spell levels left.
You didn't know any spells.

Dungeon Overview and Level Annotations

Branches:
Dungeon (4/15)
 Temple: D:4-7

Altars:
Gozag

Annotations:
D:4 Blork the orc, Sigmund


Innate Abilities, Weirdness & Mutations

You are resistant to torment.
You are immune to poison.
Your stone body is very resilient (AC +3).
You resist negative energy.
You are resistant to electric shocks.
You can survive without breathing.
You are immune to petrification.
You are immune to rotting.


Message History

You miss Blork the orc.
Blork the orc is moderately wounded.
You feel less confused.
Blork the orc hits you with a dire flail.
The worker ant bites you but does no damage.
Blork the orc hits you with a dire flail.
* * * LOW HITPOINT WARNING * * *
You hear some strange, mumbled words.
You are confused.
You miss something. The worker ant bites you.
* * * LOW HITPOINT WARNING * * *
Blork the orc barely misses you.
You hear some strange, mumbled words.
The puff of flame hits you! The worker ant closely misses you.
Blork the orc barely misses you.
Unknown command.
You hit Blork the orc but do no damage.
Blork the orc is moderately wounded.
The worker ant barely misses you. Something hits you!
You die...

#####...
#........
#.........
#........
#.<....# .
###......#...
#....a........
#.o@........
#.{.........
#....$.....
#....#.##...
#..####.# ..
#.# .. #. ..
..


You could see Blork the orc and a worker ant.

Vanquished Creatures
  Terence (D:2)
  3 adders
  A giant mite (D:3)
  3 worms
  A giant cockroach (D:2)
  5 goblins
  4 hobgoblins
  7 kobolds
  2 ball pythons (D:1)
  7 bats
  3 giant newts
  4 jackals (D:1)
  2 rats (D:3)
43 creatures vanquished.

Notes
Turn   | Place    | Note
--------------------------------------------------------------
     0 | D:1      | Seneschal, the Gargoyle Fighter, began the quest for the Orb.
     0 | D:1      | Reached XP level 1. HP: 14/14 MP: 1/1
   397 | D:1      | Reached XP level 2. HP: 19/19 MP: 2/2
   715 | D:2      | Found an opulent altar of Gozag.
   773 | D:2      | Reached XP level 3. HP: 20/23 MP: 3/3
   839 | D:2      | Noticed Terence
   847 | D:2      | Killed Terence
   847 | D:2      | Reached skill level 1 in Dodging
   970 | D:2      | Reached XP level 4. HP: 16/29 MP: 4/4
  2232 | D:4      | Noticed Sigmund
  2232 | D:4      | Noticed Blork the orc
  2243 | D:4      | Slain by Sigmund

Action                   |  1- 3 |  4- 6 || total
-------------------------+-------+-------++-------
Melee: Flail             |    92 |   102 ||   194
  Use: Scroll            |     3 |       ||     3
  Eat: Chunk             |       |     4 ||     4
